 Dungeon Crawl Stone Soup version 0.30-a0-218-gedb9141078 (webtiles) character file.

Game seed: 7324235629015173973

84 KennySheep the Ogre Mage (level 4, -8/42 HPs)
             Began as an Ogre Hedge Wizard on Oct 5, 2022.
             Was a Priest of Lugonu.
             Killed by divine providence
             ... invoked by an orc priest
              (12 damage)
             ... on level 3 of the Dungeon.
             The game lasted 00:04:33 (2523 turns).

KennySheep the Ogre Mage (Ogre Hedge Wizard)        Turns: 2523, Time: 00:04:33

Health: -8/42      AC:  3    Str: 14    XL:     4   Next: 45%
Magic:  1/10       EV:  9    Int: 17    God:    Lugonu [***...]
Gold:   99         SH:  0    Dex:  8    Spells: 2/12 levels left

rFire   . . .      SeeInvis .    a - +0 dagger
rCold   . . .      Faith    .    (no shield)
rNeg    . . .      Spirit   .    b - +0 robe
rPois   .          Reflect  .    c - +0 hat
rElec   .          Harm     .    (no cloak)
rCorr   .          Rampage  .    (gloves unavailable)
Will    .....                    (boots unavailable)
Stlth   +.........               (no amulet)
HPRegen 0.27/turn                (no ring)
MPRegen 0.12/turn                (no ring)

@: no status effects
A: large, unfitting armour, tough skin 1
a: Renounce Religion, Depart the Abyss, Bend Space, Banish


You were on level 3 of the Dungeon.
You worshipped Lugonu.
Lugonu was most pleased with you.
You visited 1 branch of the dungeon, and saw 3 of its levels.

You collected 99 gold pieces.

Inventory:

Hand Weapons
 a - a +0 dagger (weapon)
Armour
 b - a +0 robe (worn)
 c - a +0 hat (worn)
Jewellery
 m - an amulet of guardian spirit
 p - a ring of resist corrosion
Scrolls
 f - a scroll of vulnerability {unknown}
 g - a scroll of poison {unknown}
 i - 2 scrolls of teleportation
 j - 3 scrolls of identify {unknown}
 n - 2 scrolls of enchant armour {unknown}
 o - a scroll of fear {unknown}
Potions
 d - a potion of magic
 e - 2 potions of haste {unknown}
 h - 4 potions of curing {unknown}
 k - a potion of mutation {unknown}
 l - a potion of lignification {unknown}


   Skills:
 + Level 2.3 Fighting
 - Level 1.7 Dodging
 - Level 1.4 Stealth
 * Level 4.9 Spellcasting
 + Level 1.9 Conjurations
 - Level 0.8 Summonings
 - Level 0.8 Translocations


You had 2 spell levels left.
You knew the following spells:

 Your Spells              Type           Power      Damage    Failure   Level
a - Magic Dart            Conj           40%        1d5       7%          1
b - Blink                 Tloc           14%        N/A       16%         2
c - Call Imp              Summ           7%         N/A       16%         2
d - Cigotuvi's Dreadful   Necr/Pois/Air  8%         N/A       22%         2
e - Mephitic Cloud        Conj/Pois/Air  6%         N/A       32%         3

Your spell library contained the following spells:

 Spells                   Type           Power      Damage    Failure   Level
 Slow                     Hex            16%        N/A       14%         1


Dungeon Overview and Level Annotations

Branches:
Dungeon (3/15)

Altars:
Lugonu


Innate Abilities, Weirdness & Mutations

You are too large for most types of armour.
You have tough skin. (AC +1)


Message History

An orc priest comes into view. It is wielding a +0 dagger.
The magic dart hits the orc.
The orc is heavily wounded.
The orc priest shouts!
The magic dart hits the orc.
The orc is severely wounded.
The orc priest looks braver for a moment.
The magic dart hits the orc.
You kill the orc!
Lugonu accepts your kill.
The magic dart hits the orc priest.
The orc priest is lightly wounded.
The magic dart hits the orc priest.
The orc priest is moderately wounded.
The magic dart hits the orc priest.
The orc priest is heavily wounded.
The orc priest looks satisfied for a moment.
Your magical contamination has completely faded away.
The magic dart hits the orc but does no damage.
You are out of magic!
You barely miss the orc. The orc hits you with a +0 flail.
You barely miss the orc.
The orc priest invokes the aid of Beogh against you.
You barely resist. The orc attacks as you move away!
The orc hits you with a +0 mace! The orc attacks as you move away!
The orc barely misses you.
The orc priest calls down the wrath of Beogh upon you.
Beogh smites you! The orc attacks as you move away!
The orc hits you with a +0 flail.
Found a stone staircase leading down.
The orc attacks as you move away! The orc hits you with a +0 mace!
* * * LOW HITPOINT WARNING * * *
The orc attacks as you move away! The orc hits you with a +0 mace.
* * * LOW HITPOINT WARNING * * *
Found a stone staircase leading up.
The orc attacks as you move away! The orc hits you with a +0 mace.
* * * LOW HITPOINT WARNING * * *
The orc priest mumbles some strange prayers to Beogh against you.
Beogh smites you!
You die...

..### .... .). ..# #
##). ##.#... ###
###<#
#......####.###......
#..).#.o.@..#
###.oo..####>...#
#......##.# #.#
...###......? .
##....### #...##
..... #..#... ..##.##


You could see an orc priest and 2 orcs.

Vanquished Creatures
  2 adders (D:2)
  A worm (D:2)
  3 dart slugs
  3 orcs
  6 endoplasms
  7 goblins
  5 hobgoblins
  3 jackals (D:1)
  2 quokkas
  6 ball pythons
  3 bats (D:1)
  A frilled lizard (D:1)
  4 kobolds
  3 rats
49 creatures vanquished.

Notes
Turn   | Place    | Note
-------+----------+-------------------------------------------
     0 | D:1      | KennySheep the Ogre Hedge Wizard began the quest for the
                  | Orb.
     0 | D:1      | Reached XP level 1. HP: 16/16 MP: 5/5
    27 | D:1      | Found a faded altar of an unknown god.
    44 | D:1      | Prayed at the altar of an unknown god.
    44 | D:1      | Became a worshipper of Lugonu the Unformed
    44 | D:1      | Reached * piety under Lugonu
    44 | D:1      | Reached ** piety under Lugonu
    96 | D:1      | Reached skill level 1 in Conjurations
   228 | D:1      | Reached XP level 2. HP: 22/26 MP: 0/6
   231 | D:1      | Learned a level 2 spell: Blink
   234 | D:1      | Learned a level 2 spell: Call Imp
   237 | D:1      | Learned a level 2 spell: Cigotuvi's Dreadful Rot
   306 | D:1      | Reached skill level 1 in Fighting
   306 | D:1      | Reached skill level 4 in Spellcasting
   855 | D:1      | Reached XP level 3. HP: 33/33 MP: 6/8
   861 | D:1      | Learned a level 3 spell: Mephitic Cloud
  1562 | D:2      | Reached *** piety under Lugonu
  1737 | D:2      | Reached XP level 4. HP: 40/42 MP: 4/10
  2523 | D:3      | Killed from afar by an orc priest

Illustrated notes

Levels and vault maps discovered:
D:1:      dpeg_arrival_water_temple_mockup, layout_loops_ring,
          ebering_ecumenical_altar_abandoned, st_stairs_9
D:2:      layout_rooms, minmay_crystal_room, minivault_11,
          kennysheep_generic_room_2
D:3:      layout_rooms, tgw_trog, mainiacjoe_overflow_brackets

Skill      XL: |  1  2  3 |
---------------+----------+-----
Conjurations   | 1 |  1.9
Fighting       | 1 2 |  2.3
Spellcasting   | 4 |  4.9
Dodging        | |  1.7
Stealth        | |  1.4
Summonings     | |  0.8
Translocations | |  0.8

Action                   |  1- 3 |  4- 6 || total
-------------------------+-------+-------++-------
Melee: Dagger            |    23 |    30 ||    53
       Punch             |     1 |       ||     1
 Cast: Magic Dart        |    98 |    51 ||   149
  Use: Scroll            |     1 |       ||     1
Armor: Robe              |    22 |     7 ||    29
Dodge: Dodged            |    32 |    20 ||    52

Table legend: (Time is in decaauts)
 A = Elapsed time spent in this place.
 B = Non-inter-level travel time spent in this place.
 C = Inter-level travel time spent in this place.
 D = Time resting spent in this place.
 E = Time spent auto-exploring this place.
 F = Levels seen in this place.
 G = Mean time per level.
                   A        B        C        D        E       F      G
               +--------+--------+--------+--------+--------+-----+--------+
         Total |   2522 |   2468 |     54 |    184 |   1942 |   3 |  840.7 |
       Dungeon |   2522 |   2468 |     54 |    184 |   1942 |   3 |  840.7 |
               +--------+--------+--------+--------+--------+-----+--------+

Top non-repeatable levels by time:
     D:1: 1277 daAuts
     D:2: 1174 daAuts
     D:3: 70 daAuts
